 Dungeon Sprint DCSS version 0.31.0-12-g77e489cdc1 (webtiles) character file.

Game seed: 18439477438811347166

193 Heoruswealwe the Spear-Bearer (level 5, 0/53 HPs)
             Began as a Minotaur Fighter on Feb 16, 2024.
             Was an Initiate of Gozag.
             Slain by a shadow (8 damage)
             ... in the Dungeon (Sprint IX: "|||||||||||||||||||||||||||||").
             The game lasted 00:00:54 (105 turns).

Heoruswealwe the Spear-Bearer (Minotaur Fighter)     Turns: 105, Time: 00:00:55

Health: 0/53       AC:  8    Str: 22    XL:     5   Next: 43%
Magic:  4/4        EV:  9    Int:  5    God:    Gozag
Gold:   0          SH:  4    Dex: 10    Spells: 4/4 levels left

rFire   . . .        a - +0 trident
rCold   . . .        d - +0 buckler
rNeg    . . .        c - +0 scale mail
rPois   .            (helmet restricted)
rElec   .            (no cloak)
rCorr   .            (no gloves)
SInv    .            (no boots)
Will    .....        (no amulet) Stlth
                     (no ring)
HPRegen 0.28/turn    (no ring)
MPRegen 0.09/turn

%: no teleportation
@: no status effects
A: horns 2, retaliatory headbutt
a: Renounce Religion, Potion Petition, Call Merchant, Bribe Branch


You were in the Dungeon.
You worshipped Gozag.
Gozag was noncommittal.
You visited 1 branch

Inventory:

Hand Weapons
 a - a +0 trident (weapon)
Armour
 c - a +0 scale mail (worn)
 d - a +0 buckler (worn)
Jewellery
 k - a +2 ring of protection
 l - a +2 ring of evasion
Wands
 h - a wand of iceblast (10)
Scrolls
 j - 2 scrolls of blinking
Potions
 b - a potion of might
 e - 5 potions of curing
 f - 3 potions of heal wounds
 g - a potion of haste
 i - a potion of berserk rage


   Skills:
 + Level 7.7 Fighting
 * Level 9.8 Polearms
 + Level 7.6 Armour
 - Level 3.6 Shields


You had 4 spell levels left.
You didn't know any spells.
Your spell library was empty.

Dungeon Overview and Level Annotations

Branches:
Dungeon (1/1)

Altars:
Cheibriados
Dithmenos
Elyvilon
Fedhas
Gozag
Hepliaklqana
Kikubaaqudgha
Makhleb
Nemelex Xobeh
Okawaru
Qazlal
Ru
Sif Muna
Trog
Uskayaw
Vehumet
Wu Jian
Xom
Yredelemnul
Zin
The Shining One
Jiyva
Lugonu


Innate Abilities, Weirdness & Mutations

You have a pair of horns on your head.
You reflexively headbutt those who attack you in melee.


Message History

l - a +2 ring of evasion You open the door.
A shadow, an orc wizard, an acid dragon, 2 howler monkeys and a hornet come into view.
The acid dragon roars!
The howler monkey howls!
The howler monkey hoots and howls with incredible vigour!
The shadow slips into darkness.
The shadow flickers and vanishes!
Deactivating autopickup; reactivate with Ctrl-A.
You hear a roar!
The shadow strikes at you from the darkness!
* * * LOW HITPOINT WARNING * * *
Reactivating autopickup.
There is an open door to the Dungeon, spattered with blood here.
You hit the shadow.
The shadow is moderately damaged.
The shadow barely misses you.
You barely miss the shadow.
You headbutt the shadow, but do no damage.
The shadow is moderately damaged.
The howler monkey hoots and howls with incredible vigour!
The orc wizard casts a spell.
The orc wizard flickers and vanishes!
Deactivating autopickup; reactivate with Ctrl-A.
The shadow barely misses you.
The howler monkey hoots and howls with incredible vigour!
You hear a roar!
You hear a horrible gurgling sound!
You hit the shadow but do no damage.
The shadow is moderately damaged.
The shadow barely misses you. You furiously retaliate!
You headbutt the shadow. You puncture the shadow!
The shadow is severely damaged.
The howler monkey hoots and howls with incredible vigour!
The shadow barely misses you.
You hit the shadow.
The shadow is severely damaged.
You closely miss the shadow.
The shadow is severely damaged.
The shadow hits you!
You die...
Your body crumbles into a pile of gold. ▓▓▓▓▓▓▓▓▓▓▓▓▓▓▓▓▓▓▓▓▓▓▓▓ ______'!?).[[[..@WD{hhy+ ▓▓▓▓▓▓▓▓▓▓▓▓▓▓▓▓▓▓▓▓▓▓▓▓

You could see a hornet, an acid dragon, a shadow and 2 howler monkeys.

Vanquished Creatures
  A water moccasin (D)
  A phantom (D)
  An ufetubus (D)
  2 orcs (D)
  A quokka (D)
  2 ball pythons (D)
  A frilled lizard (D)
  A rat (D)
10 creatures vanquished.

Notes
Turn   | Place    | Note
-------+----------+-------------------------------------------
     0 | D        | Heoruswealwe the Minotaur Fighter began the quest for the
                  | Orb.
     0 | D        | Reached XP level 1. HP: 19/19 MP: 0/0
    11 | D        | Reached skill level 3 in Polearms
    21 | D        | Noticed a phantom
    21 | D        | Noticed a water moccasin
    32 | D        | Killed a phantom
    33 | D        | Reached skill level 7 in Polearms
    33 | D        | Reached XP level 2. HP: 27/30 MP: 1/1
    33 | D        | Reached XP level 3. HP: 34/37 MP: 2/2
    33 | D        | Reached XP level 4. HP: 40/44 MP: 3/3
    44 | D        | Killed a water moccasin
    45 | D        | Reached skill level 9 in Polearms
    45 | D        | Reached XP level 5. HP: 10/52 MP: 4/4
    54 | D        | Found a snail-covered altar of Cheibriados.
    54 | D        | Found a shadowy altar of Dithmenos.
    54 | D        | Found a white marble altar of Elyvilon.
    54 | D        | Found a blossoming altar of Fedhas.
    54 | D        | Found an opulent altar of Gozag.
    55 | D        | Found a hazy altar of Hepliaklqana.
    56 | D        | Found a viscous altar of Jiyva.
    57 | D        | Found an ancient bone altar of Kikubaaqudgha.
    58 | D        | Found a corrupted altar of Lugonu.
    59 | D        | Found a burning altar of Makhleb.
    60 | D        | Found a sparkling altar of Nemelex Xobeh.
    61 | D        | Found an iron altar of Okawaru.
    62 | D        | Became a worshipper of Gozag Ym Sagoz the Greedy
    63 | D        | Found a stormy altar of Qazlal.
    64 | D        | Found a sacrificial altar of Ru.
    65 | D        | Found a shimmering blue altar of Sif Muna.
    66 | D        | Found a bloodstained altar of Trog.
    67 | D        | Found a hide-covered altar of Uskayaw.
    68 | D        | Found a radiant altar of Vehumet.
    69 | D        | Found an ornate altar of the Wu Jian Council.
    70 | D        | Found a shimmering altar of Xom.
    71 | D        | Found a basalt altar of Yredelemnul.
    72 | D        | Found a glowing silver altar of Zin.
    73 | D        | Found a glowing golden altar of the Shining One.
    98 | D        | Noticed a shadow
    98 | D        | Noticed an acid dragon
    98 | D        | Noticed a hornet
   105 | D        | Slain by a shadow

Illustrated notes

Levels and vault maps discovered:
D:        linesprint [early_d, line_temple, items_1, d_10, items_2, lair_1,
          lair_end, items_3, orc_1, orc_end, items_4, d_15, swamp_1, shoals_1,
          snake_1, spider_1, d_20, vaults_1, items_5, swamp_end, shoals_end,
          snake_end, spider_end, vaults_end, d_27, items_6, zot_1, zot_end,
          crypt_end, forest_end, elf_end, slime_end, tomb_end, abyss_end,
          pan_hell_end]

Skill      XL: |  1  2  3  4 |
---------------+-------------+-----
Polearms       | 7 9 |  9.8
Fighting       | 6 7 |  7.7
Armour         | 6 7 |  7.6
Shields        | |  3.6

Action                     |  1- 3 |  4- 6 || total
---------------------------+-------+-------++-------
  Melee: Trident           |    22 |    21 ||    43
         Headbutt          |     4 |     1 ||     5
 Armour: Scale mail        |     6 |    12 ||    18
  Dodge: Dodged            |    10 |     7 ||    17
  Block: Buckler           |     4 |     1 ||     5
